| TOP OF THE 1ST |
|---|
| North Carolina Tar Heels batting - Pitching for Duke Blue Devils : RHP Tim Harrison | | Pitching: RHP Tim Harrison | | | Batting: LHB Rusty McCrum | 0-0: Ball 1-0: Foul Ball, location: 2F 1-1: Ball 2-1: Ball 3-1: Ball | | Batting: RHB Jose Quintero | 0-0: Fielders Choice at 2nd, 4-6 (Groundball, 4) | | Batting: RHB Phil Bailey | 0-0: Ball 1-0: SINGLE (Flyball, 89S) Jose Quintero to second Runner from 2nd tries for 3rd, SAFE, throw made to third | | Batting: RHB Josh Grimes | 0-0: Fly out, F8 (Flyball, 8LS) | | Batting: LHB Brad Ratliff | 0-0: Called Strike 0-1: Ball 1-1: Called Strike 1-2: Ball 2-2: Fly out, F8 (Flyball, 78S) | | Top of the 1st over - 0 run(s), 1 hit(s), 0 error(s), 2 left on base; North Carolina 0 - Duke 0 | | BOTTOM OF THE 1ST |
|---|
| Duke Blue Devils batting - Pitching for North Carolina Tar Heels : LHP Billy Johnson | | Pitching: LHP Billy Johnson | | | Batting: LHB Roy Hartford | 0-0: Bunt for hit - play at first, batter safe! | | Batting: SHB Graham Hart | 0-0: Swinging Strike 0-1: Ball 1-1: Ball 2-1: Ball 3-1: Ground out 5-3 (Groundball, 56S) Roy Hartford to second | | Batting: SHB Aaron LaRue | 0-0: SINGLE (Groundball, 4MD) Roy Hartford to third Runner from 3rd tries for Home, SAFE, throw made home Aaron LaRue to second | | Batting: SHB Joe Collins | 0-0: Ball 1-0: Ground out 6-3 (Groundball, 6) | | Batting: LHB Tim Witherell | 0-0: Called Strike 0-1: Swinging Strike 0-2: Foul Ball, location: 2F 0-2: Ground out 6-3 (Groundball, 56) | | Bottom of the 1st over - 1 run(s), 2 hit(s), 0 error(s), 1 left on base; North Carolina 0 - Duke 1 | | TOP OF THE 2ND |
|---|
| North Carolina Tar Heels batting - Pitching for Duke Blue Devils : RHP Tim Harrison | | Batting: RHB Chris Lee | 0-0: Called Strike 0-1: Swinging Strike 0-2: Ball 1-2: Strikes out swinging | | Batting: RHB Sean Radtke | 0-0: Swinging Strike 0-1: Called Strike 0-2: Strikes out swinging | | Batting: RHB Jeff Levine | 0-0: Ball 1-0: Swinging Strike 1-1: Ball 2-1: Foul Ball, location: 2F 2-2: Strikes out swinging | | Top of the 2nd over - 0 run(s), 0 hit(s), 0 error(s), 0 left on base; North Carolina 0 - Duke 1 | | BOTTOM OF THE 2ND |
|---|
| Duke Blue Devils batting - Pitching for North Carolina Tar Heels : LHP Billy Johnson | | Batting: RHB Dustin Blair | 0-0: Called Strike 0-1: Called Strike 0-2: Ground out 6-3 (Groundball, 6) | | Batting: LHB Ray Williams | 0-0: Ball 1-0: Foul Ball, location: 2F 1-1: Called Strike 1-2: Foul Ball, location: 2F 1-2: Ball 2-2: Strikes out swinging | | Batting: RHB Joey Villicana | 0-0: Foul Ball, location: 2F 0-1: Ball 1-1: Foul Ball, location: 2F 1-2: Ball 2-2: Foul Ball, location: 2F 2-2: Ground out 4-3 (Groundball, 4) | | Bottom of the 2nd over - 0 run(s), 0 hit(s), 0 error(s), 0 left on base; North Carolina 0 - Duke 1 | | TOP OF THE 3RD |
|---|
| North Carolina Tar Heels batting - Pitching for Duke Blue Devils : RHP Tim Harrison | | Batting: RHB John Evans | 0-0: Fly out, F4 (Popup, 4M) | | Batting: LHB Rusty McCrum | 0-0: Called Strike 0-1: SINGLE (Line Drive, 89S) | | Batting: RHB Jose Quintero | 0-0: Ball Rusty McCrum is caught stealing 2nd base 1-0: Foul Ball, location: 2F 1-1: Foul Ball, location: 2F 1-2: Strikes out looking | | Top of the 3rd over - 0 run(s), 1 hit(s), 0 error(s), 0 left on base; North Carolina 0 - Duke 1 | | BOTTOM OF THE 3RD |
|---|
| Duke Blue Devils batting - Pitching for North Carolina Tar Heels : LHP Billy Johnson | | Batting: RHB John Peters | 0-0: Ball 1-0: Called Strike 1-1: Hit by Pitch | | Batting: LHB Roy Hartford | 0-0: Called Strike 0-1: Swinging Strike 0-2: Ball 1-2: Ball 2-2: Fly out, F7 (Flyball, 7) | | Batting: SHB Graham Hart | 0-0: SINGLE (Groundball, 34D) John Peters to second Runner from 2nd tries for 3rd, OUT! Graham Hart to second | | Batting: SHB Aaron LaRue | 0-0: Ball 1-0: Called Strike 1-1: Ball 2-1: Foul Ball, location: 2F 2-2: Hit by Pitch | | Batting: SHB Joe Collins | 0-0: Foul Ball, location: 2F 0-1: Called Strike 0-2: Ball 1-2: Ball 2-2: Ball 3-2: Foul Ball, location: 2F 3-2: Ground out 6-3 (Groundball, 6MD) | | Bottom of the 3rd over - 0 run(s), 1 hit(s), 0 error(s), 2 left on base; North Carolina 0 - Duke 1 | | TOP OF THE 4TH |
|---|
| North Carolina Tar Heels batting - Pitching for Duke Blue Devils : RHP Tim Harrison | | Batting: RHB Phil Bailey | 0-0: Swinging Strike 0-1: Ground out 5-3 (Groundball, 56S) | | Batting: RHB Josh Grimes | 0-0: Called Strike 0-1: Ball 1-1: Fly out, F6 (Flyball, 56D) | | Batting: LHB Brad Ratliff | 0-0: Ball 1-0: Foul Ball, location: 2F 1-1: Foul Ball, location: 2F 1-2: Ball 2-2: Foul Ball, location: 2F 2-2: Ball 3-2: SINGLE (Flyball, 9S) | | Batting: RHB Chris Lee | 0-0: Ball 1-0: SINGLE (Groundball, 6MD) Brad Ratliff to second Runner from 2nd tries for 3rd, OUT! | | Top of the 4th over - 0 run(s), 2 hit(s), 0 error(s), 1 left on base; North Carolina 0 - Duke 1 | | BOTTOM OF THE 4TH |
|---|
| Duke Blue Devils batting - Pitching for North Carolina Tar Heels : LHP Billy Johnson | | Batting: LHB Tim Witherell | 0-0: Foul Ball, location: 2F 0-1: Ball 1-1: SINGLE (Flyball, 78S) - OUT at second base trying to stretch hit. | | Batting: RHB Dustin Blair | 0-0: Ball 1-0: Foul Ball, location: 2F 1-1: Foul Ball, location: 2F 1-2: Ball 2-2: Ball 3-2: Strikes out swinging | | Batting: LHB Ray Williams | 0-0: Ball 1-0: Foul Ball, location: 2F 1-1: Called Strike 1-2: Ball 2-2: Foul Ball, location: 2F 2-2: Fly out, F7 (Flyball, 7LS) | | Bottom of the 4th over - 0 run(s), 1 hit(s), 0 error(s), 0 left on base; North Carolina 0 - Duke 1 | | TOP OF THE 5TH |
|---|
| North Carolina Tar Heels batting - Pitching for Duke Blue Devils : RHP Tim Harrison | | Batting: RHB Sean Radtke | 0-0: Ball 1-0: Ball 2-0: Ground out 3-1 (Groundball, 34S) | | Batting: RHB Jeff Levine | 0-0: Ball 1-0: Reached on error, E5 (Groundball, 5) | | Batting: RHB John Evans | 0-0: Ball Jeff Levine steals 2nd base 1-0: Swinging Strike 1-1: Fly out, F7 (Flyball, 7LMF) | | Batting: LHB Rusty McCrum | 0-0: Ball 1-0: Called Strike 1-1: Swinging Strike 1-2: Fly out, F9 (Flyball, 89S) | | Top of the 5th over - 0 run(s), 0 hit(s), 1 error(s), 1 left on base; North Carolina 0 - Duke 1 | | BOTTOM OF THE 5TH |
|---|
| Duke Blue Devils batting - Pitching for North Carolina Tar Heels : LHP Billy Johnson | | Batting: RHB Joey Villicana | 0-0: Ball 1-0: Ball 2-0: Ball 3-0: Called Strike 3-1: Base on Balls | | Batting: RHB John Peters | 0-0: Called Strike 0-1: Foul Ball, location: 2F 0-2: Ball 1-2: SINGLE (Line Drive, 9LS) Joey Villicana to second | | Batting: LHB Roy Hartford | 0-0: Ball 1-0: Ball 2-0: Ball 3-0: Swinging Strike 3-1: Swinging Strike 3-2: Strikes out looking | | Batting: SHB Graham Hart | 0-0: Swinging Strike 0-1: Ground out U3 (Groundball, 34S) Joey Villicana to third John Peters to second | | Pitching: RHP David Carrizales | | | Batting: SHB Aaron LaRue | 0-0: Called Strike 0-1: Ball 1-1: Called Strike 1-2: Ball 2-2: Strikes out swinging | | Bottom of the 5th over - 0 run(s), 1 hit(s), 0 error(s), 2 left on base; North Carolina 0 - Duke 1 | | TOP OF THE 6TH |
|---|
| North Carolina Tar Heels batting - Pitching for Duke Blue Devils : RHP Tim Harrison | | Batting: RHB Jose Quintero | 0-0: Ball 1-0: SINGLE (Groundball, 6MD) | | Batting: RHB Phil Bailey | 0-0: Ball 1-0: Swinging Strike 1-1: Ball 2-1: Ball 3-1: Base on Balls Jose Quintero to second | | Batting: RHB Josh Grimes | 0-0: Ball 1-0: SINGLE (Line Drive, 56D) Jose Quintero to third Phil Bailey to second | | Batting: LHB Brad Ratliff | 0-0: Called Strike 0-1: Swinging Strike 0-2: Foul Ball, location: 2F 0-2: Fly out, F9 (Flyball, 9LM) Runner from 3rd tags up, SCORES, throw made | | Batting: RHB Chris Lee | 0-0: Ball Phil Bailey steals 3rd base Josh Grimes to second 1-0: Foul Ball, location: 2F 1-1: Ball 2-1: Foul Ball, location: 2F 2-2: Strikes out swinging | | Batting: RHB Sean Radtke | 0-0: Ball 1-0: Ball 2-0: Ball 3-0: Called Strike 3-1: Fly out, F6 (Popup, 6MS) | | Top of the 6th over - 1 run(s), 2 hit(s), 0 error(s), 2 left on base; North Carolina 1 - Duke 1 | | BOTTOM OF THE 6TH |
|---|
| Duke Blue Devils batting - Pitching for North Carolina Tar Heels : RHP David Carrizales | | Batting: SHB Joe Collins | 0-0: Ball 1-0: Ball 2-0: Ball 3-0: Base on Balls | | Batting: LHB Tim Witherell | 0-0: Foul Ball, location: 2F 0-1: Ball 1-1: Ball 2-1: Called Strike 2-2: Ball 3-2: Grounds into double play, 5-4-3 (Groundball, 5L) | | Batting: RHB Dustin Blair | 0-0: Called Strike 0-1: Called Strike 0-2: SINGLE (Line Drive, 89M) | | Batting: LHB Ray Williams | 0-0: Ball 1-0: Called Strike 1-1: Ball 2-1: Called Strike 2-2: Strikes out swinging | | Bottom of the 6th over - 0 run(s), 1 hit(s), 0 error(s), 1 left on base; North Carolina 1 - Duke 1 | | TOP OF THE 7TH |
|---|
| North Carolina Tar Heels batting - Pitching for Duke Blue Devils : RHP Tim Harrison | | Pitching: RHP Chad Rittenberry | | | Batting: RHB Jeff Levine | 0-0: Foul Ball, location: 2F 0-1: Called Strike 0-2: Strikes out looking | | Batting: RHB John Evans | 0-0: Ball 1-0: Ground out 6-3 (Groundball, 6) | | Pitching: LHP Mike Shpigel | | | Batting: LHB Rusty McCrum | 0-0: Called Strike 0-1: Foul Ball, location: 2F 0-2: Ball 1-2: SINGLE (Line Drive, 78S) | | Pitching: RHP David Gable | | | Pinch Hitting: LHB Ron Fanning | 0-0: Ball 1-0: Ball 2-0: Foul Ball, location: 2F 2-1: Fly out, F8 (Flyball, 8LS) | | Top of the 7th over - 0 run(s), 1 hit(s), 0 error(s), 1 left on base; North Carolina 1 - Duke 1 | | BOTTOM OF THE 7TH |
|---|
| Duke Blue Devils batting - Pitching for North Carolina Tar Heels : RHP David Carrizales | | Now at 2B: Chris Harvey | | | Batting: RHB Joey Villicana | 0-0: Called Strike 0-1: Ball 1-1: Swinging Strike 1-2: Foul Ball, location: 2F 1-2: Ball 2-2: Strikes out swinging | | Batting: RHB John Peters | 0-0: Called Strike 0-1: Ball 1-1: Foul Ball, location: 2F 1-2: Strikes out swinging | | Batting: LHB Roy Hartford | 0-0: Ball 1-0: Foul Ball, location: 2F 1-1: Ball 2-1: Foul Ball, location: 2F 2-2: Strikes out swinging | | Bottom of the 7th over - 0 run(s), 0 hit(s), 0 error(s), 0 left on base; North Carolina 1 - Duke 1 | | TOP OF THE 8TH |
|---|
| North Carolina Tar Heels batting - Pitching for Duke Blue Devils : RHP David Gable | | Batting: RHB Phil Bailey | 0-0: Foul Ball, location: 2F 0-1: Ball 1-1: Foul Ball, location: 2F 1-2: Foul Ball, location: 2F 1-2: Foul Ball, location: 2F 1-2: Strikes out swinging | | Batting: RHB Josh Grimes | 0-0: Ball 1-0: Ball 2-0: Ball 3-0: Called Strike 3-1: Base on Balls | | Batting: LHB Brad Ratliff | 0-0: Called Strike 0-1: Ball 1-1: Called Strike 1-2: Ball 2-2: Grounds into double play, 6-4-3 (Groundball, 56) | | Top of the 8th over - 0 run(s), 0 hit(s), 0 error(s), 0 left on base; North Carolina 1 - Duke 1 | | BOTTOM OF THE 8TH |
|---|
| Duke Blue Devils batting - Pitching for North Carolina Tar Heels : RHP David Carrizales | | Batting: SHB Graham Hart | 0-0: Ball 1-0: Ball 2-0: Ball 3-0: Base on Balls | | Batting: SHB Aaron LaRue | 0-0: Swinging Strike 0-1: Ball 1-1: Ball 2-1: Ball 3-1: SINGLE (Line Drive, 34D) Graham Hart to second | | Batting: SHB Joe Collins | 0-0: Called Strike 0-1: Ball 1-1: Ball 2-1: Fly out, F6 (Line Drive, 6) | | Batting: LHB Tim Witherell | 0-0: Ball 1-0: Ball 2-0: Ball 3-0: Called Strike 3-1: Base on Balls Graham Hart to third Aaron LaRue to second | | Batting: RHB Dustin Blair | 0-0: Ball 1-0: Ball 2-0: Ball 3-0: Base on Balls Graham Hart scores Aaron LaRue to third Tim Witherell to second | | Pitching: RHP John Wennersten | | | Batting: LHB Ray Williams | 0-0: Fly out, F7 (Flyball, 7) Runner from 3rd tags up, OUT at HOME | | Bottom of the 8th over - 1 run(s), 1 hit(s), 0 error(s), 2 left on base; North Carolina 1 - Duke 2 | | TOP OF THE 9TH |
|---|
| North Carolina Tar Heels batting - Pitching for Duke Blue Devils : RHP David Gable | | Pitching: LHP Jonathan Wise | | | Batting: RHB Chris Lee | 0-0: Called Strike 0-1: Foul Ball, location: 2F 0-2: Fly out, F9 (Flyball, 9D) | | Batting: RHB Sean Radtke | 0-0: Called Strike 0-1: Ground out 5-3 (Groundball, 5) | | Batting: RHB Jeff Levine | 0-0: Ball 1-0: Swinging Strike 1-1: Ball 2-1: SINGLE (Line Drive, 7LM) | | Batting: RHB John Evans | 0-0: Swinging Strike 0-1: Called Strike 0-2: Foul Ball, location: 2F 0-2: Strikes out swinging | | Top of the 9th over - 0 run(s), 1 hit(s), 0 error(s), 1 left on base; North Carolina 1 - Duke 2 | |